AoeStats
← Ux'RaúlME

Arabia

510634562Analyzed
1v1 RM · 15h ago on Oct 1, 2026· 57m 32s· 2 players
Game mode
Random Map
Map size
Tiny (2 player)
Population
200
Speed
Normal
Resources
Standard
Victory
Conquest
Starting age
Dark Age
Ending age
Imperial Age
RankedLock teamsTeams togetherTeam positionsShared explorationLock speedFull tech treeHidden civsTurbo modeCheats
Victory
Defeat
🇲🇽 Slavs · Mexico
1316
+19
🇲🇽 Franks · Mexico
1375
-19
Ux'RaúlME
6:38 Loom
9:18 Feudal Age
10:31 Double-Bit Axe
21:31 Castle Age
19:51 Gold Mining
20:12 Stone Mining
23:35 Bow Saw
24:34 Fletching
30:11 Bodkin Arrow
32:04 Wheelbarrow
34:42 Imperial Age
33:08 Husbandry
33:56 Gold Shaft Mining
34:18 Scale Barding Armor
34:23 Forging
34:43 Scale Mail Armor
34:50 Town Watch
35:22 Hand Cart
36:10 Murder Holes
36:42 Ballistics
37:24 Chemistry
37:22 Chain Barding Armor
37:46 Iron Casting
37:55 Cavalier
41:02 Conscription
41:32 Plate Barding Armor
41:58 Blast Furnace
42:10 Chivalry
42:18 Elite Throwing Axeman
45:09 Paladin
46:34 Light Cavalry
51:06 Squires
50:51 Arson
55:00 Chain Mail Armor
54:38 Pikeman
mau_escalera
7:09 Loom
10:01 Feudal Age
10:44 Double-Bit Axe
20:52 Castle Age
19:03 Horse Collar
19:57 Forging
20:50 Bloodlines
23:36 Iron Casting
24:12 Bow Saw
27:06 Wheelbarrow
26:16 Town Watch
27:30 Scale Barding Armor
28:03 Gold Mining
28:30 Heavy Plow
33:42 Imperial Age
32:20 Fletching
32:51 Chain Barding Armor
33:52 Bodkin Arrow
34:03 Cavalier
35:15 Stone Mining
36:35 Blast Furnace
36:35 Pikeman
37:54 Plate Barding Armor
39:09 Chemistry
38:31 Ballistics
38:21 Masonry
38:15 Padded Archer Armor
39:22 Halberdier
40:25 Conscription
43:27 Sanctity
43:18 Redemption
44:48 Husbandry
44:09 Light Cavalry
45:19 Scale Mail Armor
45:35 Leather Archer Armor
47:37 Hussar
53:02 Chain Mail Armor
53:17 Ring Archer Armor
53:36 Squires
54:26 Elite Skirmisher
Connection lost

Rejoining the realm…

Still unreachable

The connection could not be restored.

Session expired

The server has moved on; the page needs a fresh start.